 Dungeon Crawl Stone Soup version 0.21-a0-401-g0b6bec4 (webtiles) character file.

29 firefreeman the Poker (level 3, -3/28 HPs)
             Began as a Merfolk Skald on Oct 25, 2017.
             Slain by an adder (4 damage)
             ... on level 2 of the Dungeon.
             The game lasted 00:04:34 (1457 turns).

firefreeman the Poker (Merfolk Skald)               Turns: 1457, Time: 00:04:35

Health: -3/28      AC:  3    Str: 12    XL:     3   Next: 16%
Magic:  6/6        EV: 12    Int: 12    God:
Gold:   71         SH:  0    Dex: 13    Spells: 5/6 levels left

rFire    . . .     SeeInvis .   a - +0 spear
rCold    . . .     Gourm    .   (no shield)
rNeg     . . .     Faith    .   b - +0 leather armour
rPois    .         Spirit   .   (no helmet)
rElec    .         Reflect  .   (no cloak)
rCorr    .         Harm     .   (no gloves)
MR       .....                  (no boots)
Stlth    +.........             (no amulet)
HPRegen  0.09/turn              (no ring)
MPRegen  0.10/turn              (no ring)

@: lethally poisoned (-3 -> -9)
A: change form in water, swift swim, stealthy swim
a: no special abilities


You were on level 2 of the Dungeon.
You were not hungry.

You visited 1 branch of the dungeon, and saw 2 of its levels.

You collected 71 gold pieces.

Inventory:

Hand Weapons
 a - a +0 spear (weapon)
Armour
 b - a +0 leather armour (worn)
Jewellery
 g - an uncursed ring of positive energy {unknown}
 j - a +2 ring of protection {unknown}
 n - an uncursed ring of see invisible {unknown}
 r - an uncursed ring of poison resistance {unknown}
Scrolls
 e - a scroll of blinking {unknown}
 h - a scroll of teleportation {unknown}
 l - a scroll of amnesia {unknown}
 o - a scroll of remove curse {unknown}
 p - 3 scrolls of identify {unknown}
Potions
 f - a potion of cancellation {unknown}
 i - 2 potions of mutation {unknown}
 m - a potion of might {unknown}
Books
 c - a book of Battle

   Spells                             Type                      Level
   a - Infusion                       Charms                       1
   b - Shroud of Golubria             Charms/Translocation         2
   c - Song of Slaying                Charms                       2
   d - Spectral Weapon                Hexes/Charms                 3
   e - Regeneration                   Charms/Necromancy            3
Comestibles
 d - 4 bread rations
 k - a meat ration
 q - a chunk of flesh


   Skills:
 + Level 2.6 Fighting
 + Level 3.8 Polearms
 - Level 0.6 Armour
 + Level 3.0 Dodging
 + Level 2.1 Spellcasting
 + Level 3.6 Charms


You had 5 spell levels left.
You knew the following spells:

 Your Spells              Type           Power        Failure   Level  Hunger
a - Infusion              Chrm           ##..         8%          1    ##.....


Dungeon Overview and Level Annotations

Branches:
Dungeon (2/15)

Altars:


Message History

The adder is lightly wounded.
The adder bites you.
You hit the adder but do no damage.
The adder is lightly wounded.
The adder bites you.
You closely miss the adder.
The adder is lightly wounded.
The adder bites you but does no damage. The adder bites you.
* * * LOW HITPOINT WARNING * * *
You barely miss the adder.
The adder is lightly wounded.
You feel sick. The adder bites you.
* * * LOW HITPOINT WARNING * * *
You are lethally poisoned!
The adder poisons you!
* * * LOW HITPOINT WARNING * * *
You feel sick.
* * * LOW HITPOINT WARNING * * *
You feel sick. The adder bites you.
You die...

.....?... .......
..... ... #.# #.#
###.####
##..S...#
##.###...@.#.#
.............##.#
##.###.....#.....
####.......#
#.####### #.# #.#
####### #.#
#....(# #.#


You could see an adder.

Vanquished Creatures
  An ooze (D:1)
  A dart slug (D:1)
  A ball python (D:1)
  A giant cockroach (D:2)
  5 hobgoblins
  A kobold (D:1)
  4 bats
  A frilled lizard (D:1)
  3 goblins (D:1)
  3 rats (D:1)
21 creatures vanquished.

Notes
Turn   | Place    | Note
-------+----------+-------------------------------------------
     0 | D:1      | firefreeman the Merfolk Skald began the quest for the Orb.
     0 | D:1      | Reached XP level 1. HP: 16/16 MP: 3/3
   472 | D:1      | Reached XP level 2. HP: 12/23 MP: 5/5
  1297 | D:2      | Reached XP level 3. HP: 26/28 MP: 6/6
  1457 | D:2      | HP: 1/28 [poisoned by an adder]
  1457 | D:2      | Slain by an adder

Vault maps used:
D:1:      lightli_arrival_statue_moat
D:2:      first_bread

Skill      XL: |  1  2 |
---------------+-------+-----
Dodging        | 3 |  3.0
Fighting       | |  2.6
Polearms       | |  3.8
Armour         | |  0.6
Spellcasting   | |  2.1
Charms         | |  3.6

Action                   || total
-------------------------++-------
Melee: Spear             ||    85
 Cast: Infusion          ||     4
  Eat: Chunk             ||     2
Armor: Leather armour    ||    26
Dodge: Dodged            ||    63

Table legend:
 A = Spawn XP
 B = Non-spawn XP
 C = Spawn XP percentage of total XP
 D = Spawn monster count
 E = Non-spawn monster count
 F = Spawn count percentage of total count
 G = Total turns spent on level
                    A         B        C        D         E        F      G
               +---------+---------+-------+---------+---------+-------+---------
         Total |       0 |      42 |   0.0 |       0 |      21 |   0.0 |  1457
               +---------+---------+-------+---------+---------+-------+---------
           D:1 |       0 |      33 |   0.0 |       0 |      16 |   0.0 |  1208
           D:2 |       0 |       9 |   0.0 |       0 |       5 |   0.0 |   249
               +---------+---------+-------+---------+---------+-------+---------
